[Event "*** Titled Tuesday Blitz"]
[Site "Chess.com"]
[Date "2019.12.03"]
[Round "8"]
[White "pulvettd"]
[Black "Vuk2000"]
[Result "0-1"]
[WhiteElo "2619"]
[BlackElo "2767"]
[TimeControl "180+2"]
[EndTime "14:54:21 PST"]
[Termination "Vuk2000 won on time"]

1. d4 e6 2. c4 Nf6 3. Nf3 b6 4. g3 Ba6 5. Qc2 Bb7 6. Bg2 c5 7. d5 exd5 8. cxd5 Nxd5 9. Qb3 Nf6 10. Ne5 d5 11. Nc3 Be7 12. Qa4+ Nbd7 13. Nc6 Bxc6 14.
Qxc6 Rc8 15. Qa4 d4 16. Nb5 O-O 17. O-O a5 18. Na7 Ra8 19. Nc6 Qe8 20. e3 d3 21.
Qb3 Bd6 22. Qxd3 Qe6 23. Rd1 Bc7 24. Bd2 Rae8 25. Bc3 Ne5 26. Qb5 Neg4 27. Qe2 Ne4 28. Bxe4 Qxe4 29. Rd7 Nxf2 30. Kxf2 Qf5+ 31. Qf3 Qxd7 32.
Rd1 Qe6 33. Na7 Be5 34. Nb5 Qxa2 35. Nd6 Bxc3 36. Nxe8 Rxe8 37. Qc6 Rf8 38. Qc7 Qxb2+ 39. Kf3 Be5 40. Qe7 Bf6 41. Qc7 Qb3 42. Rd7 h6 43. Qc6 Qe6 44. Qb5 c4 45. Rb7 Re8 46. Qxb6 Qxb6 47.
Rxb6 c3 48. Rc6 a4 49. Rc8 Rxc8 0-1

[Event "*** Titled Tuesday Blitz"]
[Site "Chess.com"]
[Date "2019.12.03"]
[Round "8"]
[White "GelmanAlexander"]
[Black "dusanacns"]
[Result "0-1"]
[WhiteElo "2496"]
[BlackElo "2681"]
[TimeControl "180+2"]
[EndTime "14:54:25 PST"]
[Termination "dusanacns won on time"]

1. e4 d5 2. exd5 Qxd5 3. Nc3 Qd8 4. d4 Nf6 5. Bc4 g6 6. h3 Bg7 7. Nf3 O-O 8. Be3 a6 9. Ne5 b5 10. Bb3 Bb7 11. O-O Nbd7 12. f4 e6 13. Qe2 Nb6 14.
Rad1 Nbd5 15. Nxd5 exd5 16. f5 Ne4 17. Qg4 Qc8 18.
Rf3 c5 19. c3 c4 20. Bc2 f6 21.
Nxg6 hxg6 22. Qxg6 Bc6 23. Rf4 Be8 24. Qg4 Rf7 25.
Rdf1 Kf8 26. Qh5 Bc6 27. Rg4 Ke7 28. Rg6 Qh8 29. Qg4 Rd8 30. Qf4 Rd7 31. b3 Rb7 32.
Bc1 Qb8 33. bxc4 Qxf4 34. Bxf4 bxc4 35. Bxe4 dxe4 36. Be3 Bd5 37. g4 Rb2 38. Rf2 Rb1+ 39. Kg2 Kf8 40. h4 Rfb7 41. g5 R7b6 42. h5 Bf7 43. h6 Bxg6 44. fxg6 R1b2 45. hxg7+ Kxg7 46. gxf6+ Kxg6 47. Rxb2 Rxb2+ 48. Kg3 Kxf6 49. Kf4 Rxa2 50. Kxe4 Re2 51. d5 Rxe3+ 52. Kd4 Rh3 0-1

[Event "*** Titled Tuesday Blitz"]
[Site "Chess.com"]
[Date "2019.12.03"]
[Round "8"]
[White "riconaipe"]
[Black "Perecke"]
[Result "0-1"]
[WhiteElo "2580"]
[BlackElo "2197"]
[TimeControl "180+2"]
[EndTime "14:54:25 PST"]
[Termination "Perecke won on time"]

1. d4 d5 2. c4 e6 3. Nc3 Nf6 4. Bg5 Be7 5. e3 h6 6. Bh4 O-O 7. Nf3 c6 8. Rc1 Nbd7 9. Bd3 dxc4 10. Bxc4 b5 11. Bd3 a6 12. O-O c5 13. Ne4 c4 14.
Nxf6+ Nxf6 15. Bb1 Bb7 16. Ne5 Ne4 17. Bxe7 Qxe7 18. Qc2 Rfd8 19. f3 Nf6 20. Ng4 Rac8 21.
Rfd1 b4 22. Ne5 c3 23. bxc3 Rxc3 24. Qd2 Rdc8 25. Nd3 Nd7 26. Qb2 a5 27. Rxc3 Rxc3 28. Rc1 Rxc1+ 29. Qxc1 Qd6 30. Nc5 Nxc5 31. dxc5 Qc7 32.
Kf2 Qxh2 33. c6 Bc8 34. c7 e5 35. Qc6 Qh4+ 36. Ke2 Qe7 37. g4 g6 38. Qb6 Qe6 39. Qxa5 Qa6+ 40. Qxa6 Bxa6+ 41. Bd3 Bc8 42. Kd2 Kf8 43.
Kc2 Ke7 44. Kb3 Kd6 45. Kxb4 Kxc7 46. Kc5 Bb7 47. Be4 Bxe4 48. fxe4 h5 49. gxh5 gxh5 0-1

[Event "*** Titled Tuesday Blitz"]
[Site "Chess.com"]
[Date "2019.12.03"]
[Round "8"]
[White "francyIM"]
[Black "PowerThinking2650"]
[Result "0-1"]
[WhiteElo "2590"]
[BlackElo "2392"]
[TimeControl "180+2"]
[EndTime "14:54:26 PST"]
[Termination "PowerThinking2650 won by checkmate"]

1. d4 Nf6 2. c4 g6 3. g3 Bg7 4.
Bg2 O-O 5. Nc3 d6 6. Nf3 Nbd7 7.
O-O e5 8. e4 exd4 9. Nxd4 Re8 10. h3 Nc5 11. Re1 a5 12. Qc2 Ng4 13. Ndb5 Ne5 14.
Rd1 Bd7 15. Qe2 Qc8 16. Kh2 Bc6 17. Be3 b6 18. Bd4 Ne6 19. Be3 Nc5 20. Rac1 Qb7 21. Nd5 Bxd5 22. cxd5 a4 23. Nd4 Ned7 24. Qc2 Nf6 25.
Nc6 Nfxe4 26. Bd4 Bxd4 27. Rxd4 Nf6 28. Rf4 Nfd7 29. Qc3 Qa6 30. Qf3 f5 31. Rfc4 b5 32. R4c2 Ne5 33. Nxe5 Rxe5 34. Qf4 Rae8 35. Qh6 Qc8 36. h4 Qd8 37. h5 Qf6 38. hxg6 hxg6 39. Bf1 f4 40. Qxf4 Qxf4 41. gxf4 Rf5 42. Bxb5 Re7 43. Rc4 g5 44. Kg3 Ne4+ 45. Kf3 Rxf4+ 46. Ke3 Nxf2+ 47. Kd2 Ne4+ 48. Kd3 Nc5+ 49. Kc3 Re3+ 50. Kb4 Nd3+ 51. Ka5 Nxc1 52. Rxc1 g4 53. Bxa4 g3 54. Bb5 g2 55. Rg1 Rg3 56. a4 Rh4 57. Bf1 gxf1=Q 58. Rxf1 Rd4 59. Rf5 Rb3 60. Ka6 Rxa4# 0-1

[Event "*** Titled Tuesday Blitz"]
[Site "Chess.com"]
[Date "2019.12.03"]
[Round "8"]
[White "j2806"]
[Black "allvim"]
[Result "0-1"]
[WhiteElo "1914"]
[BlackElo "2186"]
[TimeControl "180+2"]
[EndTime "14:54:26 PST"]
[Termination "allvim won on time"]

1. e4 c5 2. Nf3 d6 3. d4 cxd4 4. Nxd4 Nf6 5. Nc3 a6 6. Be3 e5 7. Nb3 Be6 8. f3 h5 9. Qd2 Nbd7 10. O-O-O Qc7 11. g3 Rc8 12. h3 b5 13. Kb1 Nb6 14. Be2 Nc4 15. Bxc4 bxc4 16. Nc1 Rb8 17. Ka1 Qb7 18.
b3 Be7 19. g4 h4 20. g5 Nh5 21.
Nd5 Bxd5 22. Qxd5 Ng3 23. Rh2 Qxd5 24. Rxd5 Nf1 25. Re2 Nxe3 26. Rxe3 Bxg5 27. Re1 Ke7 28. Ne2 cxb3 29. cxb3 Rhc8 30. Kb2 Rc6 31. Nc3 Rbc8 32.
Rd3 Ke6 33. Re2 Bc1+ 34. Kxc1 Rxc3+ 35. Kd2 Rc2+ 36. Ke3 Rxe2+ 37. Kxe2 Rc2+ 38. Rd2 Rxd2+ 39. Kxd2 d5 40. exd5+ Kxd5 41. Kd3 f5 42. b4 g5 43. a4 Kc6 44. Ke3 Kd5 45. Kd3 g4 46. fxg4 fxg4 47. Ke3 g3 0-1

[Event "*** Titled Tuesday Blitz"]
[Site "Chess.com"]
[Date "2019.12.03"]
[Round "8"]
[White "marianokar"]
[Black "M1711"]
[Result "1-0"]
[WhiteElo "2421"]
[BlackElo "2512"]
[TimeControl "180+2"]
[EndTime "14:54:28 PST"]
[Termination "marianokar won by checkmate"]

1. d4 e5 2. dxe5 Nc6 3. Nf3 Qe7 4. Nc3 Nxe5 5. Nd5 Nxf3+ 6. gxf3 Qd8 7. Bf4 d6 8. Qd2 Nf6 9. Bg5 Be7 10. Nxe7 Qxe7 11. O-O-O h6 12. Bh4 Bf5 13. e4 Bd7 14. Qd4 Bc6 15. Rg1 g5 16. Bg3 Rg8 17. Bh3 Nh5 18.
Rge1 Bd7 19. e5 d5 20. Bxd7+ Qxd7 21. Qxd5 O-O-O 22. Qa5 Qc6 23. Qxa7 b6 24. Qa6+ Qb7 25. Qxb7+ Kxb7 26. e6 Rxd1+ 27. Kxd1 f5 28. Be5 Re8 29. Bc3 Nf4 30. e7 Nd5 31. Bg7 h5 32. Bh6 g4 33. fxg4 hxg4 34. Bg5 Kc6 35. c4 Nb4 36.
a3 Nd3 37. Re2 Kc5 38. Kc2 Kxc4 39. b3+ Kd4 40. Bf6+ Kd5 41. Kxd3 f4 42. Re4 f3 43. Rd4+ Ke6 44. Rd8 Kf7 45. Rxe8 Kxe8 46. a4 c5 47. Ke4 Kd7 48. Kf4 Ke8 49. Kxg4 Kd7 50. h4 Ke8 51. h5 Kd7 52. h6 Ke8 53. h7 Kd7 54. Kxf3 Kc6 55. Ke4 Kb7 56. Kd5 c4 57. bxc4 b5 58.
axb5 Ka7 59. e8=Q Kb7 60. Qd7+ Kb6 61. Qd6+ Ka5 62. Bc3+ Ka4 63. Qb4# 1-0

[Event "*** Titled Tuesday Blitz"]
[Site "Chess.com"]
[Date "2019.12.03"]
[Round "8"]
[White "vladimirdamjanovic"]
[Black "laboratorio25"]
[Result "1-0"]
[WhiteElo "2583"]
[BlackElo "2440"]
[TimeControl "180+2"]
[EndTime "14:54:31 PST"]
[Termination "vladimirdamjanovic won on time"]

1. Nf3 d5 2. e3 Nf6 3. c4 c6 4.
Nc3 a6 5. d4 b5 6. b3 Bg4 7. h3 Bxf3 8. Qxf3 e6 9. Bd2 Nbd7 10.
Be2 Bb4 11. Rc1 O-O 12. O-O Ne4 13. Be1 Bxc3 14. Bxc3 Nxc3 15. Rxc3 Qa5 16. Rc2 bxc4 17. bxc4 Rab8 18. cxd5 cxd5 19. Rfc1 Qa3 20. Bf1 Rb2 21.
Rxb2 Qxb2 22. Rc7 Nf6 23. Qe2 Qb6 24. Qc2 a5 25. a4 g6 26. Bb5 Ne4 27. Qc6 Qb8 28.
Qd7 Qb6 29. f3 Nd2 30. Kh2 Qb8 31. Kg1 Nc4 32. e4 Nb6 33. Qc6 Rc8 34. Rxc8+ Nxc8 35.
exd5 Ne7 36. Qc3 Nxd5 37. Qxa5 Qf4 38. Qe1 Qxd4+ 39. Kh1 Qc5 40. Qg1 Qb4 41. Qc1 Kg7 42.
Qa1+ f6 43. Qc1 Nc3 44. Qe1 e5 45. Bf1 Nd5 46. Qxb4 Nxb4 47. Bb5 Nd5 48. a5 Nc7 49.
Bd3 1-0

[Event "*** Titled Tuesday Blitz"]
[Site "Chess.com"]
[Date "2019.12.03"]
[Round "8"]
[White "Konavets"]
[Black "Firouzja2003"]
[Result "0-1"]
[WhiteElo "2902"]
[BlackElo "3161"]
[TimeControl "180+2"]
[EndTime "14:54:33 PST"]
[Termination "Firouzja2003 won by resignation"]

1. e4 e5 2. Nf3 Nc6 3. Bc4 Bc5 4. O-O Nf6 5. d3 O-O 6. c3 d6 7. a4 a5 8. Bg5 h6 9. Bh4 Bb6 10. Nbd2 Nb8 11. d4 Nbd7 12. Re1 Re8 13. Bd3 c6 14. Nc4 Bc7 15. Qc2 Nf8 16. Rad1 Ng6 17. Bg3 Nh5 18.
Ne3 Nhf4 19. Bc4 Qf6 20. Nf5 d5 21. dxe5 Nxe5 22. Nxe5 Bxe5 23. Ba2 dxe4 24. Ne3 Nd3 25. Re2 Be6 26. Bxe6 Qxe6 27. Nf1 f5 28. f3 Bf6 29.
fxe4 fxe4 30. Nd2 Nc5 31. Rde1 Nd3 32. Qxd3 exd3 33. Rxe6 Rxe6 34. Rxe6 Bg5 35. Be1 b5 36. h4 Bf4 37. Re4 Rf8 38. g3 Bc7 39. Kg2 Bb6 40. Nf3 bxa4 41. Re6 Rb8 42. Ne5 Rd8 43. Bd2 Rd5 44. Nxc6 Rb5 45. Bc1 d2 46. Bxd2 Rxb2 47.
Re2 a3 48. Ne7+ Kh7 49. h5 a2 50. Ng6 a1=Q 51. Re8 Rxd2+ 52. Kh3 Rd8 0-1

[Event "*** Titled Tuesday Blitz"]
[Site "Chess.com"]
[Date "2019.12.03"]
[Round "8"]
[White "MathiasWomacka"]
[Black "kesarev"]
[Result "0-1"]
[WhiteElo "2332"]
[BlackElo "2487"]
[TimeControl "180+2"]
[EndTime "14:54:33 PST"]
[Termination "kesarev won by resignation"]

1. e4 g6 2. d4 Bg7 3. Nc3 c5 4. dxc5 Bxc3+ 5. bxc3 Qa5 6. Qd4 Nf6 7. Bd3 Nc6 8. Qc4 d6 9. Ne2 Be6 10. Qb5 Qxb5 11.
Bxb5 Nxe4 12. cxd6 Nxd6 13. Bd3 f6 14. Bf4 O-O-O 15. Nd4 Bd5 16. O-O Na5 17. Nb3 Nac4 18. Bg3 e5 19. f3 Nb5 20. Bf2 b6 21. a4 Nxc3 22. a5 Kb7 23. axb6 axb6 24. Be1 Nb5 25. Bf2 Ra8 26. Rxa8 Rxa8 27. Rd1 Nc3 28. Re1 Ra2 29. f4 exf4 30. Re7+ Ka6 31. h4 h6 32. Nd4 Ra1+ 33.
Kh2 Nd1 34. Bg1 Ne3 35. Ne6 Bxe6 36. Rxe6 Kb5 37. Bxe3 fxe3 38. Rxe3 Kc5 39. Re6 Ne5 40. Kg3 Nxd3 41. cxd3 Ra3 42. Rxf6 Rxd3+ 43. Kf4 g5+ 44. hxg5 hxg5+ 45. Ke4 Rg3 46. Rf2 b5 47. Rc2+ Kb4 48. Kd4 Kb3 49. Rf2 b4 50. Kc5 Kc3 51. Kb5 b3 52.
Ka4 b2 0-1

[Event "*** Titled Tuesday Blitz"]
[Site "Chess.com"]
[Date "2019.12.03"]
[Round "8"]
[White "vugarrasulov"]
[Black "Vuks91"]
[Result "0-1"]
[WhiteElo "2781"]
[BlackElo "2652"]
[TimeControl "180+2"]
[EndTime "14:54:35 PST"]
[Termination "Vuks91 won by resignation"]

1. e4 c6 2. d4 d5 3. Nc3 dxe4 4. Nxe4 Nf6 5. Nxf6+ exf6 6. Bc4 Qe7+ 7. Ne2 Qb4+ 8. c3 Qxc4 9. O-O Be7 10. b3 Qd5 11. Nf4 Qd8 12. Nh5 O-O 13. Re1 Bf5 14. Qf3 Bg6 15. Nf4 Bd6 16. h4 Re8 17. Bd2 Bxf4 18. Bxf4 h5 19. g4 hxg4 20. Qxg4 Rxe1+ 21. Rxe1 Qd7 22. f3 Bf5 23. Qg3 Na6 24. Kh1 Kh7 25. h5 c5 26.
Bd6 Re8 27. Rg1 g5 28. hxg6+ fxg6 29. dxc5 Kg7 30. Rd1 Qe6 31. Qf2 Nb8 32. Bg3 Nc6 33. b4 a6 34. a4 Ne5 35. Re1 Qc6 36. Kg2 Nd3 37. Rxe8 Nxf2 38. Re7+ Kh6 39. Kxf2 g5 40. Bd6 g4 41. fxg4 Bxg4 42. Ke3 Kg6 43. Re4 Bf5 44. Re7 Qd5 45. Kf2 Qd2+ 46. Re2 Qxc3 47. b5 axb5 48.
axb5 Bd3 49. Re3 Qd2+ 50. Kf3 Bxb5 51. Bf4 Bc6+ 52. Kg3 Qd5 53. Kh4 Qh1+ 54. Rh3 Qe4 55. Rg3+ Kf5 56. Kh5 0-1

[Event "*** Titled Tuesday Blitz"]
[Site "Chess.com"]
[Date "2019.12.03"]
[Round "8"]
[White "skoularikii"]
[Black "andrzej"]
[Result "1-0"]
[WhiteElo "2542"]
[BlackElo "2369"]
[TimeControl "180+2"]
[EndTime "14:54:38 PST"]
[Termination "skoularikii won by checkmate"]

1. e4 c6 2. d4 d5 3. e5 c5 4.
dxc5 e6 5. a3 Bxc5 6. b4 Be7 7.
Nf3 a5 8. b5 Nd7 9. Bb2 b6 10.
Nbd2 Bb7 11. c4 Nc5 12. Nd4 Nh6 13. Nc6 Bxc6 14. bxc6 O-O 15. Be2 Rc8 16. cxd5 exd5 17. Bb5 f6 18. O-O fxe5 19. Bxe5 Bf6 20. Nf3 Ng4 21. Bd4 Qd6 22. h3 Ne5 23. Nxe5 Bxe5 24. Ra2 Ne4 25. Qd3 Bxd4 26. Qxd4 Qc5 27. Qxc5 bxc5 28.
Rc2 d4 29. Bd3 Nc3 30. Rb2 Rxc6 31. Bc4+ Kh8 32. Re1 Rd6 33. Bd3 Rdf6 34. Re7 Nd5 35. Rd7 Nf4 36. Bc4 h5 37. Rb5 Rf5 38.
Rbb7 Rg5 39. g3 Nxh3+ 40. Kg2 Nxf2 41. Re7 Ng4 42. Be2 Ne3+ 43. Kh3 c4 44. Rbd7 Ng4 45. Bxc4 Rf2 46. Rd8+ Kh7 47. Bd3+ Kh6 48. Rh8# 1-0

[Event "*** Titled Tuesday Blitz"]
[Site "Chess.com"]
[Date "2019.12.03"]
[Round "8"]
[White "Jadeit90"]
[Black "Filip_Covic"]
[Result "1/2-1/2"]
[WhiteElo "2304"]
[BlackElo "2457"]
[TimeControl "180+2"]
[EndTime "14:54:38 PST"]
[Termination "Game drawn - insufficient material"]

1. g3 d5 2. Bg2 Nf6 3. c4 e5 4.
cxd5 Nxd5 5. Nc3 Nb6 6. Nf3 Nc6 7. O-O Be7 8. a4 a5 9. d3 O-O 10. Be3 Be6 11. d4 exd4 12. Nxd4 Nxd4 13. Bxd4 c6 14. Ne4 Nd5 15. Nc5 Bxc5 16. Bxc5 Re8 17. e4 Nb4 18.
Qe2 Qd3 19. Qxd3 Nxd3 20. Bd4 Rad8 21. Bc3 b6 22. Rfd1 Rd7 23. Rd2 Red8 24. f4 f6 25. e5 fxe5 26. fxe5 c5 27. Bc6 Rc7 28. Bb5 c4 29. Rf1 Rf8 30. Rdd1 Rcf7 31. Bd4 Rxf1+ 32. Rxf1 Rb8 33. Rd1 Nb4 34. Bc3 Kf7 35. Bd7 Nd5 36.
Bxe6+ Kxe6 37. Bd4 b5 38. axb5 Rxb5 39. Ra1 Nb4 40. Bc3 Nc6 41. Kf2 Nxe5 42. Rxa5 Rxa5 43. Bxa5 Nd3+ 44. Ke2 Nxb2 45. Bc3 Na4 46. Bxg7 Kf5 47. h3 Ke4 48. Bh6 c3 49. g4 Nc5 50. h4 Nb3 51. h5 c2 52. Be3 Ke5 53. g5 Ke6 54. g6 c1=Q 55. Bxc1 Nxc1+ 56. Kd1 hxg6 57. hxg6 Kf6 58. g7 Kxg7 1/2-1/2

[Event "*** Titled Tuesday Blitz"]
[Site "Chess.com"]
[Date "2019.12.03"]
[Round "8"]
[White "HrvojeZagreb"]
[Black "Godzillator"]
[Result "1/2-1/2"]
[WhiteElo "2224"]
[BlackElo "2351"]
[TimeControl "180+2"]
[EndTime "14:54:40 PST"]
[Termination "Game drawn - insufficient material"]

1. d4 d5 2. Bf4 c5 3. e3 cxd4 4. exd4 Nc6 5. Nc3 a6 6. Nf3 Nf6 7. h3 Bf5 8. Bd3 Bxd3 9. Qxd3 e6 10. O-O Be7 11. a3 O-O 12. b4 Rc8 13. Na4 Nd7 14. Nc5 Bxc5 15. bxc5 Na5 16. Rab1 f6 17.
Bd2 Rb8 18. Rb6 Nc6 19. Rb2 b5 20. cxb6 Rxb6 21. Rfb1 Rxb2 22. Rxb2 Qa8 23. c4 Rb8 24. Rxb8+ Ncxb8 25. c5 Qc6 26. Qb3 Qb5 27. Qxb5 axb5 28. Bf4 Nc6 29. Kf1 g5 30. Be3 e5 31. Ke2 e4 32.
Nd2 Kf7 33. g4 Ke6 34. Nb1 b4 35. a4 Ndb8 36. Kd2 Na5 37. Kc2 Nbc6 38. Nd2 h6 39. Nb3 Nc4 40. Bd2 f5 41. a5 N4xa5 42. Nxa5 Nxa5 43.
Bxb4 Nc6 44. Bc3 fxg4 45. hxg4 Kf6 46. Kd2 Kg6 47. Ke3 h5 48. gxh5+ Kxh5 49. f3 exf3 50. Kxf3 Kh4 51. Be1+ Kh3 52. Bf2 g4+ 53. Kf4 Kg2 54. Be3 g3 55. Kf5 Kf3 56. Bg1 Nb4 57. Ke6 Kg2 58. Be3 Nc2 59. Bf4 Nxd4+ 60. Kxd5 Nb5 61. c6 Kf3 62. Bxg3 Kxg3 63. Kc5 Nc7 64. Kd6 Na6 65. c7 Nxc7 1/2-1/2

[Event "*** Titled Tuesday Blitz"]
[Site "Chess.com"]
[Date "2019.12.03"]
[Round "8"]
[White "Frolik67"]
[Black "ruvat"]
[Result "1/2-1/2"]
[WhiteElo "2529"]
[BlackElo "2388"]
[TimeControl "180+2"]
[EndTime "14:54:44 PST"]
[Termination "Game drawn by agreement"]

1. e4 d6 2. d4 Nf6 3. Nc3 g6 4. Nf3 Bg7 5. Be2 O-O 6. O-O c6 7. Re1 Nbd7 8. h3 Qc7 9. Bf4 e5 10. Bh2 b5 11. a3 a6 12. Qd2 Bb7 13. Rad1 Rfe8 14. Bf1 Rad8 15. g4 Nf8 16. Bg2 c5 17. d5 Bc8 18. Qe3 h6 19. Ne2 N6h7 20. Ng3 Qe7 21.
c4 bxc4 22. Bf1 Ng5 23. Nxg5 Qxg5 24. Qxg5 hxg5 25. Bxc4 Nd7 26. Nf1 Nb6 27. Ne3 Re7 28. f3 Ra7 29. Rd2 Bd7 30. Rc1 Rb8 31. Kg2 Bf6 32.
Bg1 a5 33. Bf2 Kg7 34. Bf1 Na4 35. Nc4 Be7 36. Rcc2 Bb5 37. Be1 Bxc4 38. Bxc4 Rab7 39. b3 Nb6 40. Rd3 Nxc4 41. bxc4 Rb2 42. Rf2 Rxf2+ 43. Kxf2 Bd8 44. Ke2 a4 45. Bc3 Rb3 46. Bd2 Rxd3 47. Kxd3 f6 48. Be1 Kf7 49. Ke2 Kg7 50. Kf2 Kf7 51. Kg3 Kg7 52. Bd2 Kf7 53. h4 gxh4+ 54. Kxh4 f5+ 55. Bg5 Bxg5+ 56. Kxg5 fxe4 57. fxe4 Kg7 1/2-1/2

[Event "*** Titled Tuesday Blitz"]
[Site "Chess.com"]
[Date "2019.12.03"]
[Round "8"]
[White "ChessBitl"]
[Black "HiHaruka"]
[Result "0-1"]
[WhiteElo "2362"]
[BlackElo "2314"]
[TimeControl "180+2"]
[EndTime "14:54:45 PST"]
[Termination "HiHaruka won by checkmate"]

1. e4 Nf6 2. e5 Nd5 3. d4 d6 4. f4 dxe5 5. fxe5 Nc6 6. c4 Nb6 7. Be3 Bf5 8. Nc3 e6 9. Nf3 Be7 10. Be2 Nb4 11. Rc1 a5 12. O-O O-O 13. a3 Na6 14. Qd2 h6 15. Rfd1 c6 16. Qe1 Qc7 17.
Qf2 Nd7 18. h3 c5 19. Nb5 Qb8 20. d5 Nxe5 21. Bf4 Nxf3+ 22. Qxf3 e5 23. Bxh6 Bd7 24.
Be3 f5 25. d6 Bf6 26. Qd5+ Kh8 27. Rf1 Qc8 28. Nc7 Nxc7 29. dxc7 Qxc7 30. Bxc5 Rfd8 31. Bd6 Qc6 32. Qxc6 Bxc6 33. c5 Be4 34. Bf3 Bxf3 35. Rxf3 g6 36. g4 e4 37. Rff1 Bxb2 38. Rb1 Bxa3 39. Rxb7 Re8 40. gxf5 e3 41. f6 e2 42. Re1 Bb4 43. Rxb4 axb4 44. f7 Re6 45. f8=Q+ Rxf8 46. Bxf8 b3 47. c6 b2 48. Bb4 Rxc6 49. Kf2 Rc1 50. Bc3+ Rxc3 51. Rb1 Rc1 52. Rxb2 e1=Q+ 53. Kf3 Qc3+ 54. Kg4 Qxb2 55. Kg5 Qe5+ 56. Kh6 Qh5# 0-1

[Event "*** Titled Tuesday Blitz"]
[Site "Chess.com"]
[Date "2019.12.03"]
[Round "8"]
[White "Gabrielian_Artur"]
[Black "Dhaydon19"]
[Result "0-1"]
[WhiteElo "2784"]
[BlackElo "2659"]
[TimeControl "180+2"]
[EndTime "14:54:46 PST"]
[Termination "Dhaydon19 won by resignation"]

1. e4 c6 2. d4 d5 3. Nd2 dxe4 4. Nxe4 Nf6 5. Ng3 g6 6. h4 h5 7. Nf3 Bg7 8. Ne5 O-O 9. Bc4 Nd5 10. Qf3 Be6 11. Bb3 Nd7 12. Nxd7 Qxd7 13. c3 Bg4 14. Qd3 Rae8 15. O-O e5 16. dxe5 Bxe5 17. Bh6 Bg7 18. Bxg7 Kxg7 19. f3 Nf6 20. Rad1 Qxd3 21. Rxd3 Be6 22. Kf2 Bxb3 23. axb3 Nd5 24. Ne2 Rxe2+ 25.
Kxe2 Nf4+ 26. Kd2 Nxd3 27. Kxd3 Rd8+ 28. Ke3 Re8+ 29. Kd2 Rd8+ 30. Ke3 Re8+ 31. Kd3 Rd8+ 32. Kc2 Re8 33. Rf2 Kf6 34. Rd2 Re7 35. b4 Kf5 36.
g3 f6 37. Rd4 Re2+ 38. Kd3 Rxb2 39. Re4 Rg2 40. Re7 Rxg3 41. Ke3 b5 42. Rxa7 g5 43.
hxg5 fxg5 44. Kf2 Rh3 45. Rc7 g4 46. fxg4+ hxg4 47. Rxc6 Rf3+ 48. Kg2 Re3 49. Rc5+ Re5 50. Rc8 Kf4 51. c4 Re2+ 52. Kf1 Rc2 53. Rf8+ Kg3 54. c5 Rc4 55. Ke2 Rxb4 56. c6 Rc4 57. Rf6 b4 58. Kd3 Rc3+ 59. Kd4 Rc1 60. Kd5 b3 61. Rf8 b2 0-1

[Event "*** Titled Tuesday Blitz"]
[Site "Chess.com"]
[Date "2019.12.03"]
[Round "8"]
[White "JonahWillow"]
[Black "Gentlejimmy7"]
[Result "1/2-1/2"]
[WhiteElo "2776"]
[BlackElo "2603"]
[TimeControl "180+2"]
[EndTime "14:54:50 PST"]
[Termination "Game drawn by agreement"]

1. e4 c5 2. Nf3 Nc6 3. d4 cxd4 4. Nxd4 Nf6 5. Nc3 e6 6. Ndb5 Bc5 7. Nd6+ Ke7 8.
Nxc8+ Rxc8 9. Bd3 Re8 10. Bg5 Kf8 11. O-O h6 12. Bh4 g5 13. Bg3 d5 14. e5 Nd7 15. Qh5 Kg7 16. Rae1 Bd4 17. Ne2 Bxe5 18. f4 Nf6 19. Qh3 Bxb2 20. c3 Rh8 21. Bf2 d4 22.
Qg3 Nd5 23. Nxd4 Nxf4 24. Nxc6 Qxd3 25. Bd4+ Kf8 26. Nxa7 Bxc3 27. Bxh8 Bd4+ 28. Bxd4 Qxd4+ 29. Qf2 Qxf2+ 30. Rxf2 Ra8 31. Nb5 Nd3 32. Ree2 Nxf2 33. Kxf2 Ke7 34. Rc2 Ra5 35. Nd4 Kd6 36. Nb3 Ra8 37.
Ke3 f5 38. g3 e5 39. Rd2+ Ke7 40. Nc5 Ra3+ 41. Kf2 b6 42. Nb3 Ke6 43. Re2 e4 44. Nd4+ Ke5 45. Nc6+ Kd5 46. Ne7+ Ke5 47. Nc6+ Kd5 48. Nb4+ Ke5 49. Rc2 f4 50. Nc6+ Kd5 51. gxf4 gxf4 52. Nb4+ Ke5 53. Nc6+ Kd5 54. Nb4+ Ke5 55.
Rc6 Rf3+ 56. Ke2 Rh3 57. Rxb6 Rxh2+ 58. Kf1 f3 59. Rb8 e3 60. Re8+ Kd4 61. Nc6+ Kc5 62. Rxe3 Kxc6 63. Rxf3 1/2-1/2

[Event "*** Titled Tuesday Blitz"]
[Site "Chess.com"]
[Date "2019.12.03"]
[Round "8"]
[White "Chempiblinka"]
[Black "olksuna"]
[Result "1/2-1/2"]
[WhiteElo "2376"]
[BlackElo "2594"]
[TimeControl "180+2"]
[EndTime "14:54:50 PST"]
[Termination "Game drawn by repetition"]

1. Nf3 d5 2. g3 Bf5 3. Bg2 e6 4.
O-O c6 5. d3 h6 6. Nbd2 Nf6 7. c4 Be7 8. a3 a5 9. Rb1 Na6 10. b3 O-O 11. Bb2 Re8 12. Qc1 Bh7 13.
Bc3 Nc5 14. b4 axb4 15. axb4 Na4 16. Ba1 Bf8 17. b5 Nd7 18. bxc6 bxc6 19. Nd4 Ra6 20. Qc2 Ndc5 21. cxd5 cxd5 22. Rb5 Qa8 23. N4f3 Rc8 24.
Rc1 Nb6 25. Qb1 Nbd7 26. Bd4 Ra5 27. Rxa5 Qxa5 28. Nb3 Qa3 29. Nxc5 Bxc5 30. Rc3 Qa5 31. Qc1 Rc7 32. h3 Bd6 33. Rc6 Nb8 34. Rc2 Rxc2 35. Qxc2 Qc7 36. Qb2 f6 37. Nh4 Nc6 38. Bc3 Kf7 39. f4 Qa7+ 40. Kh2 Ke7 41. e4 dxe4 42. dxe4 Bc5 43. e5 Nd4 44. exf6+ gxf6 45. Nf3 Nxf3+ 46. Bxf3 Qb6 47. Bxf6+ Kf7 48. Bh5+ Bg6 49. Bxg6+ Kxg6 50. Qxb6 Bxb6 51. Be5 Kf5 52. g4+ Ke4 53.
Kg3 Be3 54. Bd6 Bd2 55. Bc7 Be1+ 56. Kg2 Bd2 57. Kg3 Be1+ 58. Kg2 Bd2 59. Kg3 1/2-1/2

[Event "*** Titled Tuesday Blitz"]
[Site "Chess.com"]
[Date "2019.12.03"]
[Round "8"]
[White "sergeikim"]
[Black "Leonid_Starozhilov"]
[Result "0-1"]
[WhiteElo "2498"]
[BlackElo "2673"]
[TimeControl "180+2"]
[EndTime "14:54:52 PST"]
[Termination "Leonid_Starozhilov won by checkmate"]

1. d4 Nf6 2. c4 g6 3. Nc3 Bg7 4. e4 d6 5. Nge2 h5 6. h3 Nc6 7. Be3 a6 8. a4 Nb4 9. a5 Nd7 10. g3 c5 11. Bg2 O-O 12. O-O cxd4 13. Bxd4 Nc5 14. Bxg7 Kxg7 15. Nd5 Ncd3 16. Qd2 Nxd5 17. exd5 Ne5 18. Qd4 Kh7 19. f4 Nd7 20. b4 Nf6 21. Nc3 Bf5 22. Rfe1 Rc8 23. Na4 Re8 24. Nb6 Rc7 25.
Rad1 Nd7 26. Rd2 Nf6 27. Rde2 Kg8 28. Kh2 Kh7 29. Bf3 Kg8 30. Kg2 Bc8 31. Rh1 e6 32.
dxe6 Bxe6 33. Rhe1 Rce7 34. Qxf6 Qc7 35. Qd4 Kh7 36.
Nd5 Bxd5 37. Rxe7 Bxf3+ 38. Kxf3 Rxe7 39. Rxe7 Qxe7 40. Qe4 Qd7 41. g4 hxg4+ 42. hxg4 Kg7 43. Qd4+ Kg8 44. Qe4 Qa4 45. Qxb7 Qb3+ 46. Kf2 Qb2+ 47. Kf3 Qc3+ 48. Kf2 Qd2+ 49. Kf3 Qd1+ 50. Kg3 Qg1+ 51.
Kh4 Qh2+ 52. Kg5 Kg7 53. f5 Qh6# 0-1

[Event "*** Titled Tuesday Blitz"]
[Site "Chess.com"]
[Date "2019.12.03"]
[Round "8"]
[White "Nancy11111"]
[Black "PawnEatingZombie"]
[Result "0-1"]
[WhiteElo "2336"]
[BlackElo "2152"]
[TimeControl "180+2"]
[EndTime "14:55:01 PST"]
[Termination "PawnEatingZombie won by checkmate"]

1. d4 d5 2. Nf3 e6 3. c4 dxc4 4. g3 b5 5. Bg2 Bb7 6. a4 a6 7.
O-O Nd7 8. b3 cxb3 9. Qxb3 b4 10. a5 Ngf6 11. Bd2 Rb8 12. Rc1 c5 13. Qa4 cxd4 14.
Nxd4 Bxg2 15. Kxg2 Rc8 16. Nc6 Qc7 17. f3 Qb7 18. Be3 Nd5 19. Bd4 f6 20. e4 Nc3 21.
Nxc3 Rxc6 22. Ne2 Rxc1 23. Rxc1 Bd6 24. Rd1 Ke7 25. Be3 Rc8 26. Nd4 Ne5 27. Rc1 Rxc1 28. Bxc1 Qc7 29. Qb3 Qc4 30. Qxc4 Nxc4 31. Nb3 Kd7 32.
Kf2 e5 33. Ke2 Kc6 34. Kd3 Kb5 35. f4 Nxa5 36. Nd2 Nc6 37. Nc4 Bc7 38. fxe5 fxe5 39. g4 a5 40. g5 g6 41. h4 a4 42. Ne3 Bb6 43. Nd5 Bd4 44. Nc7+ Ka5 45. Bd2 a3 46. Nd5 a2 47. Kc4 a1=Q 48. Nc7 Qa2+ 49. Kd3 Qb3+ 50.
Ke2 Qc4+ 51. Kd1 Ne7 52. Ne8 Kb5 53. Nf6 b3 54. Nxh7 b2 55. Bc1 bxc1=Q# 0-1

[Event "*** Titled Tuesday Blitz"]
[Site "Chess.com"]
[Date "2019.12.03"]
[Round "8"]
[White "VeraNebolsina"]
[Black "SHIVACalypso"]
[Result "1-0"]
[WhiteElo "2367"]
[BlackElo "2280"]
[TimeControl "180+2"]
[EndTime "14:55:05 PST"]
[Termination "VeraNebolsina won by resignation"]

1. e4 e6 2. d4 d5 3. exd5 exd5 4. Bd3 Bd6 5. Nf3 Nf6 6. Qe2+ Qe7 7. Qxe7+ Bxe7 8. Bf4 c6 9. O-O O-O 10. Re1 Re8 11. h3 h6 12. Nbd2 Be6 13. Bh2 Nbd7 14.
c3 c5 15. dxc5 Nxc5 16. Bc2 Rad8 17. Nd4 Bd6 18. b4 Bxh2+ 19. Kxh2 Ncd7 20. f4 Nb6 21. a4 Bd7 22. a5 Nc4 23. Nxc4 dxc4 24. b5 Nd5 25. b6 axb6 26. axb6 Nxb6 27. Reb1 Nd5 28. Rxb7 Nxc3 29. Raa7 Be6 30. Nxe6 Rxe6 31. Rxf7 Ne4 32. Rxg7+ Kh8 33. f5 Re5 34. Rh7+ Kg8 35. Rhg7+ Kh8 36. Rh7+ Kg8 37. f6 Nxf6 38. Rag7+ Kf8 39. Rf7+ Kg8 40.
Rhg7+ Kh8 41. Rg6 Re2 42. Rgxf6 Rxc2 43. Rxh6+ Kg8 44. Rf4 Rdd2 45. Rg6+ Kh7 46. Rg3 Rd6 47. Rf7+ Kh8 48. Rg4 Rh6 49. Rd4 Rg6 50. Rh4+ Rh6 51. Rxh6+ 1-0